 Dungeon Crawl Stone Soup version 0.31-a0-237-g2d982f9f85 (webtiles) character file.

Game seed: 1568137293301124222

729 qw the Shooter (level 7, 1/1 HPs)
             Began as a Gargoyle Hexslinger on July 10, 2023.
             Quit the game on level 4 of the Dungeon.
             The game lasted 01:15:59 (33100 turns).

qw the Shooter (Gargoyle Hexslinger)               Turns: 33100, Time: 01:16:00

Health: 1/1        AC:  8    Str:  6    XL:     7   Next: 73%
Magic:  8/8        EV: 17    Int: 14    God:
Gold:   272        SH:  0    Dex: 14    Spells: 7/8 levels left

rFire   + . .        Y - +0 shortbow (freeze)
rCold   + . .        (shield currently unavailable)
rNeg    + + +        b - +0 robe of a wizard's laboratory {rF++ rN++ Str-5}
rPois   inf          q - +0 helmet
rElec   +            (no cloak)
rCorr   .            (no gloves)
SInv    .            f - +0 pair of boots
Will    .....        e - amulet of faith
Stlth   +            h - +5 ring of evasion
HPRegen 0.20/turn    i - ring of ice
MPRegen 0.11/turn

%: faith
@: no status effects
A: sickness immunity, AC +4, negative energy resistance 1, electricity
resistance, torment resistance 1, petrification resistance
a: no special abilities


You were on level 4 of the Dungeon.
You visited 1 branch of the dungeon, and saw 6 of its levels.

You collected 344 gold pieces.
You spent 72 gold pieces at shops.


Innate Abilities, Weirdness & Mutations

You are immune to sickness and miasma.
Your stone body is resilient. (AC +4)
You are immune to poison.
You resist negative energy. (rN+)
You are resistant to electric shocks. (rElec)
You are resistant to unholy torment.
You are immune to petrification.


   Skills:
 - Level 4.0 Fighting
 + Level 7.6 Ranged Weapons
 - Level 1.0 Armour
 - Level 1.5 Dodging
 - Level 1.0 Spellcasting
 - Level 2.6 Hexes


You had 7 spell levels left.
You knew the following spells:

 Your Spells              Type           Power      Damage    Failure   Level
a - Slow                  Hex            32%        N/A       9%          1

Your spell library contained the following spells:

 Spells                   Type           Power      Damage    Failure   Level
 Inner Flame              Hex/Fire       4%         N/A       41%         3
 Portal Projectile        Hex/Tloc       8%         N/A       41%         3
 Cause Fear               Hex            4%         N/A       65%         4

Inventory:

Hand Weapons
 Y - a +0 shortbow of freezing (weapon)
Armour
 b - the +0 robe of a wizard's laboratory (worn) {rF++ rN++ Str-5}
   (You found it on level 2 of the Dungeon)

   Str:       It affects your strength (-5).
   rF:        It greatly protects you from fire.
   rN:        It greatly protects you from negative energy.
 f - a +0 pair of boots (worn)
 j - a +2 leather armour of poison resistance
 q - a +0 helmet (worn)
Jewellery
 e - an amulet of faith (around neck)
 h - a +5 ring of evasion (left hand)
 i - a ring of ice (right hand)
 o - an amulet of the acrobat
Scrolls
 l - a scroll of identify
Potions
 c - a potion of degeneration {unknown}
 g - a potion of might
 m - 2 potions of haste
 n - a potion of enlightenment {unknown}
 p - a potion of curing

Dungeon Overview and Level Annotations

Branches:
Dungeon (6/15)             Temple (0/1) D:6

Altars:
Cheibriados
Fedhas
Trog
Vehumet
The Shining One

Shops:
D:1 ?   D:2 (

Annotations:
D:3 1 runed translucent door, qw's ghost, amateur GrHs
D:4 1 runed translucent door, Crazy Yiuf


Message History

There is a stone staircase leading up here.
Done exploring.
(D) Dungeon (T) Temple
Where to? (* - list waypoints, Enter - D:4, ? - help)
What level of the Dungeon? (default 1, ? - help)
You climb upwards.
Level annotation: 1 runed translucent door, Crazy Yiuf
There is a stone staircase leading down here.
You climb downwards.
There is a stone staircase leading up here.
Done exploring.
(D) Dungeon (T) Temple
Where to? (* - list waypoints, Enter - D:4, ? - help)
What level of the Dungeon? (default 1, ? - help)
You climb upwards.
Level annotation: 1 runed translucent door, Crazy Yiuf
There is a stone staircase leading down here.
You climb downwards.
There is a stone staircase leading up here.
Done exploring.
(D) Dungeon (T) Temple
Where to? (* - list waypoints, Enter - D:4, ? - help)
What level of the Dungeon? (default 1, ? - help)
You climb upwards.
Level annotation: 1 runed translucent door, Crazy Yiuf
There is a stone staircase leading down here.
You climb downwards.
There is a stone staircase leading up here.
Done exploring.
(D) Dungeon (T) Temple
Where to? (* - list waypoints, Enter - D:4, ? - help)
What level of the Dungeon? (default 1, ? - help)
You climb upwards.
Level annotation: 1 runed translucent door, Crazy Yiuf Zot's power touches on you...
Buggy note passed: unknown note type HP restored.
There is a stone staircase leading down here.
33100 ||| QUITTING!
Are you sure you want to abandon this character and quit the game? (Confirm with "yes".)

###.#
#.#.#.#####.~~....~~.#.#
....#
#.#.........#.~~~#.~~.##
....#
#.#####.##..####~#..~~.#
....# #.# #.##.###..~#.....#
....# #.# #.##.###.###.#####
....# #.# #.##.##..# #.#
###.# #.#####....##.## #.#
....###.##...##.....# #.#
........##.%.##.@#### #.#
##########..........# #.#
#######'#######.# #.########
#.............#.# #.........
#.............#.# #########.
#.............#.# #.....#.
#............)#.######.###.#.
#######'#######..........#.#.
#.# #..#####.#...#.


There were no monsters in sight!

Vanquished Creatures
  An ice beast (D:6)
  A centaur (D:6)
  A phantom (D:4)
  2 scorpions
  An orc priest (D:4)
  A hound (D:4)
  A sleepcap (D:5)
  An iguana (D:5)
  3 orc wizards (D:4)
  6 adders
  3 gnolls (D:5)
  2 ufetubi
  4 worms
  2 dart slugs
  12 orcs
  7 endoplasms
  2 giant cockroaches
  9 goblins
  6 hobgoblins
  A quokka (D:3)
  7 ball pythons
  4 bats
  4 frilled lizards
  3 kobolds (D:1)
  3 rats
87 creatures vanquished.

Notes
Turn   | Place    | Note
-------+----------+-------------------------------------------
     0 | D:1      | qw the Gargoyle Hexslinger began the quest for the Orb.
     0 | D:1      | Reached XP level 1. HP: 12/12 MP: 2/2
     0 | D:1      | 0 ||| qw: Version: 0.3-a-52-g30416fa
     0 | D:1      | 0 ||| qw: Game counter: 5170
     0 | D:1      | 0 ||| qw: Melee chars always use a shield: true
     0 | D:1      | 0 ||| qw: God list: Okawaru
     0 | D:1      | 0 ||| qw: Allow faded altars: false
     0 | D:1      | 0 ||| qw: Do Orc after clearing Dungeon:15 true
     0 | D:1      | 0 ||| qw: Do second Lair branch before Depths: true
     0 | D:1      | 0 ||| qw: Lair rune preference: random
     0 | D:1      | 0 ||| qw: Goals: Normal
     0 | D:1      | 0 ||| PLANNING D:1-11
   174 | D:1      | Reached XP level 2. HP: 16/16 MP: 3/3
   482 | D:1      | Found Vashrubos's Magic Scroll Emporium.
   485 | D:1      | 485 ||| BUYING 3 scrolls of identify (72 gold).
   485 | D:1      | Bought 3 scrolls of identify for 72 gold pieces
   485 | D:1      | 485 ||| SHOPLISTING scroll of enchant armour (90 gold, have
                  | 1).
   485 | D:1      | 485 ||| SHOPLISTING scroll of identify (24 gold, have 1).
   485 | D:1      | 485 ||| UPGRADING to +0 pair of boots.
   490 | D:1      | 490 ||| UPGRADING to amulet of faith.
   495 | D:1      | 495 ||| UPGRADING to +5 ring of evasion.
   496 | D:1      | 496 ||| READING 2 scrolls labelled XUXANI HEKK.
   597 | D:1      | 597 ||| READING scroll labelled VEATENN KONLEO.
   598 | D:1      | 598 ||| READING 3 scrolls of identify.
   598 | D:1      | 598 ||| IDENTIFYING dark potion
   599 | D:1      | 599 ||| READING 2 scrolls of identify.
   599 | D:1      | 599 ||| IDENTIFYING sedimented silvery potion
   600 | D:1      | 600 ||| DROPPING scroll of silence.
   601 | D:1      | 601 ||| DROPPING scroll of poison.
   602 | D:1      | 602 ||| DROPPING potion of brilliance.
   654 | D:2      | Reached skill level 3 in Ranged Weapons
   754 | D:2      | Identified the +0 robe of a wizard's laboratory {rF++ rN++
                  | Str-5}
   766 | D:2      | Found a blossoming altar of Fedhas.
   872 | D:2      | Reached XP level 3. HP: 22/22 MP: 4/4
   915 | D:2      | Found Tyneophe's Weapon Emporium.
   925 | D:2      | 925 ||| SHOPLISTING +0 shortbow (33 gold, have 25).
  1303 | D:2      | 1303 ||| UPGRADING to +0 robe of a wizard's laboratory
                  | {rF++ rN++ Str-5}.
  1313 | D:2      | 1313 ||| DROPPING +0 robe.
  1314 | D:2      | 1314 ||| UPGRADING to ring of ice.
  1315 | D:2      | 1315 ||| DRINKING 2 glowing coppery potions.
  1320 | D:2      | 1320 ||| STAIRDANCE
  1422 | D:1      | 1422 ||| DRINKING 2 brown potions.
  1423 | D:1      | 1423 ||| READING 2 scrolls of identify.
  1423 | D:1      | 1423 ||| IDENTIFYING black potion
  1424 | D:1      | 1424 ||| DROPPING potion of berserk rage.
  1513 | D:3      | Found a bloodstained altar of Trog.
  1543 | D:3      | Found a glowing golden altar of the Shining One.
  1549 | D:3      | Reached XP level 4. HP: 27/27 MP: 5/5
  1644 | D:3      | Found a snail-covered altar of Cheibriados.
  1673 | D:3      | Found a runed translucent door.
  1676 | D:3      | Noticed qw's ghost (amateur GrHs)
  1783 | D:3      | Reached skill level 4 in Ranged Weapons
  2306 | D:3      | 2306 ||| READING scroll labelled ORRI TEBRIA.
  2334 | D:4      | Noticed a scorpion
  2349 | D:4      | Killed a scorpion
  2350 | D:4      | Reached XP level 5. HP: 24/31 MP: 6/6
  2456 | D:4      | Reached skill level 5 in Ranged Weapons
  2479 | D:4      | HP: 7/31 [something (2)]
  2484 | D:4      | 2484 ||| DRINKING potion of curing.
  2484 | D:4      | 2484 ||| (to cure confusion)
  2681 | D:4      | Reached skill level 3 in Fighting
  2890 | D:4      | Reached XP level 6. HP: 22/37 MP: 7/7
  3012 | D:4      | 3012 ||| FLEEEEING.
  3013 | D:4      | 3013 ||| FLEEEEING.
  3014 | D:4      | 3014 ||| FLEEEEING.
  3015 | D:4      | 3015 ||| FLEEEEING.
  3019 | D:4      | 3019 ||| FLEEEEING.
  3023 | D:4      | 3023 ||| FLEEEEING.
  3024 | D:4      | 3024 ||| FLEEEEING.
  3025 | D:4      | 3025 ||| FLEEEEING.
  3026 | D:4      | 3026 ||| FLEEEEING.
  3027 | D:4      | 3027 ||| FLEEEEING.
  3028 | D:4      | 3028 ||| FLEEEEING.
  3029 | D:4      | 3029 ||| FLEEEEING.
  3040 | D:4      | 3040 ||| FLEEEEING.
  3041 | D:4      | 3041 ||| FLEEEEING.
  3042 | D:4      | 3042 ||| FLEEEEING.
  3043 | D:4      | 3043 ||| FLEEEEING.
  3044 | D:4      | 3044 ||| FLEEEEING.
  3045 | D:4      | 3045 ||| FLEEEEING.
  3046 | D:4      | 3046 ||| FLEEEEING.
  3047 | D:4      | 3047 ||| FLEEEEING.
  3048 | D:4      | 3048 ||| FLEEEEING.
  3049 | D:4      | 3049 ||| FLEEEEING.
  3050 | D:4      | 3050 ||| FLEEEEING.
  3051 | D:4      | 3051 ||| FLEEEEING.
  3052 | D:4      | 3052 ||| FLEEEEING.
  3058 | D:4      | 3058 ||| FLEEEEING.
  3059 | D:4      | 3059 ||| FLEEEEING.
  3060 | D:4      | 3060 ||| FLEEEEING.
  3069 | D:4      | 3069 ||| FLEEEEING.
  3070 | D:4      | 3070 ||| FLEEEEING.
  3071 | D:4      | 3071 ||| FLEEEEING.
  3072 | D:4      | 3072 ||| STAIRDANCE
  3179 | D:3      | 3179 ||| DROPPING +0 leather armour.
  3208 | D:4      | 3208 ||| FLEEEEING.
  3209 | D:4      | 3209 ||| STAIRDANCE
  3382 | D:4      | Reached skill level 6 in Ranged Weapons
  3826 | D:4      | Found a radiant altar of Vehumet.
  3945 | D:4      | Found a runed translucent door.
  3946 | D:4      | Noticed Crazy Yiuf
  4104 | D:4      | 4104 ||| UPGRADING to +0 helmet.
  4109 | D:4      | 4109 ||| READING scroll labelled QAIRCH DAMN.
  4154 | D:5      | Entered Level 5 of the Dungeon
  4157 | D:5      | 4157 ||| Stepping ~*~*~tactically~*~*~ (outnumbered).
  4160 | D:5      | 4160 ||| Stepping ~*~*~tactically~*~*~ (outnumbered).
  4174 | D:5      | Reached skill level 1 in Armour
  4183 | D:5      | HP: 7/37 [iguana (12)]
  4184 | D:5      | 4184 ||| DRINKING potion of heal wounds.
  4189 | D:5      | Reached XP level 7. HP: 26/42 MP: 8/8
  4214 | D:5      | 4214 ||| FLEEEEING.
  4215 | D:5      | 4215 ||| FLEEEEING.
  4216 | D:5      | 4216 ||| STAIRDANCE
  5001 | D:5      | 5001 ||| DROPPING +0 ring mail.
  5002 | D:5      | 5002 ||| READING 2 scrolls labelled FOEDEE PIFIARIYN.
  5003 | D:5      | 5003 ||| READING scroll labelled GURIGETZIA.
  5004 | D:5      | 5004 ||| READING scroll labelled ATYRO WUOJAING.
  5005 | D:5      | 5005 ||| DRINKING 3 clear potions.
  5006 | D:5      | 5006 ||| READING 2 scrolls of identify.
  5006 | D:5      | 5006 ||| IDENTIFYING puce potion
  5007 | D:5      | 5007 ||| DROPPING potion of lignification.
  5008 | D:5      | 5008 ||| DROPPING scroll of vulnerability.
  5133 | D:6      | Reached skill level 7 in Ranged Weapons
  5277 | D:6      | 5277 ||| SWAPPING to +0 shortbow.
  5278 | D:6      | 5278 ||| DROPPING +2 sling.
  5281 | D:6      | Found a staircase to the Ecumenical Temple.
  5282 | D:6      | 5282 ||| PLANNING TEMPLE
  5282 | D:6      | 5282 ||| READING scroll labelled MEULUTHRI DUTEM.
 25899 | D:4      | Glimpsed the power of Zot.
 26299 | D:4      | Glimpsed the power of Zot.
 26619 | D:4      | Glimpsed the power of Zot.
 26699 | D:4      | Touched by the power of Zot (MHP 43 -> 33)
 26700 | D:4      | Glimpsed the power of Zot.
 27100 | D:4      | Glimpsed the power of Zot.
 27420 | D:4      | Glimpsed the power of Zot.
 27499 | D:4      | Touched by the power of Zot (MHP 35 -> 27)
 27500 | D:4      | Glimpsed the power of Zot.
 27900 | D:4      | Glimpsed the power of Zot.
 28220 | D:4      | Glimpsed the power of Zot.
 28299 | D:4      | Touched by the power of Zot (MHP 28 -> 21)
 28300 | D:4      | Glimpsed the power of Zot.
 28700 | D:4      | Glimpsed the power of Zot.
 29020 | D:4      | Glimpsed the power of Zot.
 29099 | D:4      | Touched by the power of Zot (MHP 23 -> 17)
 29100 | D:4      | Glimpsed the power of Zot.
 29500 | D:4      | Glimpsed the power of Zot.
 29820 | D:4      | Glimpsed the power of Zot.
 29899 | D:4      | Touched by the power of Zot (MHP 18 -> 12)
 29900 | D:4      | Glimpsed the power of Zot.
 30300 | D:4      | Glimpsed the power of Zot.
 30620 | D:4      | Glimpsed the power of Zot.
 30699 | D:4      | Touched by the power of Zot (MHP 13 -> 8)
 30700 | D:4      | Glimpsed the power of Zot.
 31100 | D:4      | Glimpsed the power of Zot.
 31420 | D:4      | Glimpsed the power of Zot.
 31499 | D:4      | Touched by the power of Zot (MHP 9 -> 5)
 31500 | D:4      | Glimpsed the power of Zot.
 31900 | D:4      | Glimpsed the power of Zot.
 32220 | D:4      | Glimpsed the power of Zot.
 32299 | D:4      | Touched by the power of Zot (MHP 6 -> 2)
 32300 | D:4      | Glimpsed the power of Zot.
 32700 | D:4      | Glimpsed the power of Zot.
 33020 | D:4      | Glimpsed the power of Zot.
 33099 | D:4      | Touched by the power of Zot (MHP 3 -> 1)
 33100 | D:4      | 33100 ||| QUITTING!
 33100 | D:4      | Quit the game

Levels and vault maps discovered:
D:1:      ncdulo_watergridlock, layout_rooms, serial_shops,
          nicolae_shop_rolled_up
D:2:      layout_basic, serial_shops, nicolae_shop_crystal, basic_altar
D:3:      layout_basic, nicolae_tso_carved_into_rock, lemuel_doored_altar,
          chei_slow_surprise, hellmonk_ghost_happy_afterlife, serial_bayou,
          serial_bayou_lagoon_b, serial_bayou_lagoon_a, serial_bayou_ford_a,
          serial_bayou_pond_a, minmay_misc_feat_tower, minmay_circle_x
D:4:      layout_basic, kennysheep_mini_moat, minmay_crystal_water,
          chequers_serial_rivers_small_b, hangedman_abyss_or_decor_lesser_grid,
          uniq_crazy_yiuf_cottage
D:5:      layout_gridville, grunt_ministairs_6, amethyst_killhole
D:6:      layout_basic, temple_doors_ab, uniq_blork_the_orc

Skill      XL: |  1  2  3  4  5  6  7 |
---------------+----------------------+-----
Ranged Weapons | 3 4 5 6 7 |  7.6
Fighting       | 2 3 4 |  4.0
Armour         | 1 |  1.0
Dodging        | |  1.5
Spellcasting   | |  1.0
Hexes          | |  2.6

Action                     |  1- 3 |  4- 6 |  7- 9 || total
---------------------------+-------+-------+-------++-------
   Fire: Sling             |   117 |   261 |    95 ||   473
    Use: Scroll            |     5 |     2 |     5 ||    12
         Potion            |     2 |     2 |     1 ||     5
 Armour: Robe              |    14 |    59 |    17 ||    90
  Dodge: Dodged            |    42 |   162 |    51 ||   255

Table legend:
 A = Non-vault XP
 B = Vault XP
 C = Vault XP percentage of total XP
 D = Non-vault monster count
 E = Vault monster count
 F = Vault count percentage of total count
                 A         B        C        D         E       F
            +---------+---------+-------+---------+---------+-------
      Total |     981 |      61 |   5.9 |      78 |       9 |  10.3
            +---------+---------+-------+---------+---------+-------
        D:1 |      17 |       0 |   0.0 |      14 |       0 |   0.0
        D:2 |      63 |       0 |   0.0 |      15 |       0 |   0.0
        D:3 |      36 |      13 |  26.5 |      12 |       5 |  29.4
        D:4 |     439 |       0 |   0.0 |      27 |       0 |   0.0
        D:5 |     187 |      48 |  20.4 |       8 |       4 |  33.3
        D:6 |     239 |       0 |   0.0 |       2 |       0 |   0.0
            +---------+---------+-------+---------+---------+-------
